AoeStats
← AgentOrange

Black Forest

505176787Analyzed
3v3 RM · 25d ago on Sep 8, 2026· 43m 26s· 6 players
Game mode
Random Map
Map size
Normal (6 player)
Population
200
Speed
Normal
Resources
Standard
Victory
Conquest
Starting age
Dark Age
Ending age
Imperial Age
RankedLock teamsTeams togetherTeam positionsShared explorationLock speedFull tech treeHidden civsTurbo modeCheats
Victory
Defeat
🇺🇸 Hindustanis · United States
1036
+12
🇦🇺 Japanese · Australia
984
+14
🇳🇿 Bohemians · New Zealand
953
+15
🇲🇽 Vikings · Mexico
943
-14
🇵🇪 Hindustanis · Peru
937
-14
🇳🇴 Cumans · Norway
933
-13
antonio35604
9:03 Feudal Age
9:43 Loom
16:45 Castle Age
16:04 Gold Mining
16:12 Double-Bit Axe
16:10 Horse Collar
16:20 Town Watch
22:23 Heavy Plow
23:31 Bow Saw
23:20 Stone Mining
25:45 Treadmill Crane
32:32 Imperial Age
30:46 Fletching
30:57 Padded Archer Armor
31:22 Ballistics
30:49 Crossbowman
32:33 Gold Shaft Mining
33:14 Forging
33:04 Scale Mail Armor
33:58 Bodkin Arrow
34:44 Crop Rotation
34:55 Bracer
35:59 Chemistry
34:21 Arbalester
34:43 Arbalester
36:01 Masonry
37:43 Two-Man Saw
37:20 Conscription
38:32 Leather Archer Armor
38:28 Siege Engineers
38:48 Fortified Wall
39:09 Architecture
39:39 Elite Skirmisher
jAh^.
1:16 Loom
13:18 Feudal Age
15:41 Stone Mining
17:14 Double-Bit Axe
21:16 Horse Collar
25:02 Castle Age
25:10 Wheelbarrow
25:08 Gold Mining
25:53 Bow Saw
26:37 Gold Shaft Mining
26:13 Heavy Plow
26:28 Fletching
26:47 Scale Barding Armor
27:59 Hand Cart
29:27 Ballistics
30:38 Town Watch
34:06 Imperial Age
31:54 Steppe Husbandry
32:38 Bodkin Arrow
33:36 Bloodlines
35:42 Conscription
35:08 Elite Kipchak
35:34 Cavalier
36:58 Forging
37:09 Chain Barding Armor
38:04 Chemistry
37:00 Murder Holes
39:19 Iron Casting
39:20 Plate Barding Armor
39:21 Onager
41:01 Crop Rotation
41:35 Two-Man Saw
40:18 Pikeman
40:59 Squires
43:20 Blast Furnace
42:21 Scale Mail Armor
42:40 Halberdier
Hankuro
0:30 Loom
11:51 Feudal Age
13:06 Wheelbarrow
12:48 Double-Bit Axe
12:44 Horse Collar
18:02 Town Watch
21:19 Castle Age
19:46 Scale Mail Armor
19:57 Forging
19:48 Gold Mining
19:51 Stone Mining
21:11 Arson
23:06 Gold Shaft Mining
23:31 Chain Mail Armor
23:52 Iron Casting
23:26 Squires
24:16 Heavy Plow
24:41 Bow Saw
25:14 Iron Casting
27:03 Stone Shaft Mining
29:34 Town Patrol
35:11 Imperial Age
32:53 Fletching
33:28 Hand Cart
33:30 Bodkin Arrow
34:07 Masonry
35:20 Ballistics
35:10 Grand Trunk Road
35:51 Caravan
37:02 Chemistry
36:00 Murder Holes
37:23 Two-Man Saw
37:54 Blast Furnace
37:26 Conscription
37:39 Elite Ghulam
39:19 Hoardings
Mattme1
10:16 Feudal Age
15:12 Castle Age
13:10 Horse Collar
13:53 Double-Bit Axe
28:10 Imperial Age
26:46 Bow Saw
26:29 Loom
27:20 Wheelbarrow
26:58 Forging
26:54 Scale Barding Armor
27:13 Squires
29:10 Iron Casting
28:56 Chain Barding Armor
29:50 Hand Cart
29:55 Town Watch
31:35 Blast Furnace
30:29 Fletching
30:40 Padded Archer Armor
31:44 Chemistry
31:04 Ballistics
32:09 Two-Man Saw
31:02 Gold Mining
31:30 Caravan
31:10 Heavy Camel Rider
31:53 Husbandry
32:25 Bloodlines
33:04 Gold Shaft Mining
32:39 Town Patrol
32:49 Heavy Plow
32:46 Light Cavalry
34:47 Plate Barding Armor
35:23 Conscription
36:20 Hussar
40:24 Bodkin Arrow
AgentOrange
5:13 Loom
12:25 Feudal Age
16:21 Castle Age
14:30 Double-Bit Axe
14:27 Horse Collar
18:34 Wheelbarrow
18:56 Bow Saw
22:02 Heavy Plow
23:36 Hand Cart
30:40 Imperial Age
29:24 Chemistry
28:41 Town Watch
29:03 Pikeman
29:43 Squires
29:46 Scale Mail Armor
29:56 Forging
29:30 Treadmill Crane
29:40 Guard Tower
30:03 Fortified Wall
32:39 Two-Man Saw
31:40 Halberdier
33:44 Chain Mail Armor
34:20 Iron Casting
34:50 Heavy Scorpion
35:53 Houfnice
37:55 Siege Engineers
38:11 Ballistics
38:05 Fletching
38:46 Plate Mail Armor
39:18 Blast Furnace
Penguins1891
2:29 Loom
11:57 Feudal Age
12:15 Man-at-Arms
16:26 Double-Bit Axe
21:15 Castle Age
21:22 Forging
21:13 Scale Mail Armor
21:23 Horse Collar
23:45 Pikeman
24:56 Gold Mining
25:01 Long Swordsman
27:00 Squires
27:57 Stone Mining
29:48 Heavy Plow
35:31 Wheelbarrow
37:28 Imperial Age
34:41 Elite Skirmisher
37:05 Gold Shaft Mining
37:14 Thumb Ring
37:00 Fletching
37:26 Chain Mail Armor
37:46 Iron Casting
37:12 Padded Archer Armor
38:32 Ballistics
39:13 Chemistry
38:57 Conscription
39:19 Elite Samurai
40:10 Bodkin Arrow
42:01 Capped Ram
42:13 Capped Ram
Connection lost

Rejoining the realm…

Still unreachable

The connection could not be restored.

Session expired

The server has moved on; the page needs a fresh start.